 Dungeon Crawl Stone Soup version bcrawl-1.19.2-6-g6a88ae04c9 (webtiles) character file.

Game seed: 221633668731051901

383 Mrkan the Shield-Bearer (level 6, -7/39 HPs)
             Began as a Gargoyle Fighter on Dec 31, 2019.
             Was a Follower of Nemelex Xobeh.
             Mangled by an ogre
             ... wielding a cursed +0 giant spiked club
              (21 damage)
             ... on level 4 of the Dungeon.
             The game lasted 00:05:25 (3161 turns).

Mrkan the Shield-Bearer (Gargoyle Fighter)          Turns: 3161, Time: 00:05:25

Health: -7/39      AC: 11    Str: 20    XL:     6   Next: 76%
Magic:  6/6        EV:  7    Int:  8    God:    Nemelex Xobeh [*.....]
Gold:   146        SH:  9    Dex: 11    Spells: 5/5 levels left

rFire    . . .     SeeInvis .   a - +0 flail
rCold    . . .     Gourm    .   c - +0 shield
rNeg     + . .     Faith    .   b - +0 scale mail
rPois    ∞         Spirit   .   (no helmet)
rElec    +         Reflect  .   (no cloak)
rCorr    .         Harm     .   (no gloves)
MR       .....                  (no boots)
Stlth    ..........             (no amulet)
HPRegen  0.13/turn              (no ring)
MPRegen  0.10/turn              (no ring)

@: no status effects
A: negative energy resistance 1, electricity resistance, unbreathing,
petrification resistance, rot immunity, AC +4
a: Draw Escape, Draw Destruction, Draw Summoning, Renounce Religion


You were on level 4 of the Dungeon.
You worshipped Nemelex Xobeh.
Nemelex Xobeh was aware of your devotion.
You were not hungry.

You visited 1 branch of the dungeon, and saw 4 of its levels.

You collected 146 gold pieces.

Inventory:

Hand Weapons
 a - a +0 flail (weapon)
Missiles
 e - a throwing net (quivered) {!f}
 v - 142 javelins
Armour
 b - a +0 scale mail (worn)
 c - a +0 shield (worn)
 n - a +0 plate armour
 u - a cursed +0 chain mail
Jewellery
 q - an uncursed ring of protection from magic {unknown}
 w - an uncursed ring of wizardry {unknown}
Scrolls
 g - 4 scrolls of teleportation {unknown}
 i - 4 scrolls of identify {unknown}
 m - 2 scrolls of enchant armour {unknown}
 o - a scroll of enchant weapon {unknown}
 p - a scroll of magic mapping {unknown}
 r - 2 scrolls of remove curse {unknown}
Potions
 d - 2 potions of might
 h - 2 potions of degeneration {unknown}
 j - a potion of agility {unknown}
 k - a potion of brilliance {unknown}
 l - 3 potions of flight {unknown}
 t - a potion of invisibility {unknown}
Comestibles
 f - 9 rations {!d}


   Skills:
 + Level 4.6 Fighting
 * Level 4.5 Maces & Flails
 + Level 4.6 Armour
 + Level 4.7 Shields


You had 5 spell levels left.
You didn't know any spells.
Your spell library was empty.

Dungeon Overview and Level Annotations

Branches:
Dungeon (4/12)
 Temple: D:4-7

Altars:
Fedhas
Nemelex Xobeh


Innate Abilities, Weirdness & Mutations

You are resistant to torment.
Your stone body is resilient. (AC +4)
You are immune to poison.
You resist negative energy. (rN+)
You are resistant to electric shocks. (rElec)
You can survive without breathing.
You are immune to petrification.
You are immune to rotting.


Message History

You sock the ogre!
The ogre is moderately wounded.
The ogre hits you with a cursed +0 giant spiked club!
You hit the ogre but do no damage.
The ogre is moderately wounded.
The ogre hits you with a cursed +0 giant spiked club!!
You sock the ogre!
The ogre is heavily wounded.
You block the ogre's attack.
You barely miss the ogre.
The ogre is heavily wounded.
You completely miss the ogre.
The ogre is heavily wounded.
The ogre barely misses you.
You hit the ogre.
The ogre is severely wounded.
The ogre hits you with a cursed +0 giant spiked club!!
Ouch! That really hurt!
You die...
Your body disappears without a glow.

#. ###.# #.# #.# ..#.#
#.###########.#.# # # #.#.#
#.............#.# .#.# #.#.#
#...###....####.#####...#.#.#.#
###...# #....###..........#.#.#..
......# #.................#....#.
......###................>###..#.
........+.......@O......#......#.
...######.......#.........####.#.
...# ###.....#.........# #.##
...# ........#.........# #.##
...# ......###.........# #...
...# ........ ..........# ####
...# .....#.####........# # #+##
....#. #......... # #


You could see an ogre.

Vanquished Creatures
  A sky beast (D:2)
  A scorpion (D:4)
  A crimson imp (D:4)
  A hound (D:4)
  A worker ant (D:3)
  An iguana (D:4)
  2 oozes
  3 adder skeletons
  6 worms
  3 dart slugs
  3 leopard geckos
  5 orcs
  4 giant cockroaches
  10 goblins
  7 hobgoblins
  10 jackals
  6 kobolds
  2 quokkas (D:3)
  3 ball pythons
  8 bats
  3 frilled lizards (D:2)
  5 rats
86 creatures vanquished.

Notes
Turn   | Place    | Note
-------+----------+-------------------------------------------
     0 | D:1      | Mrkan the Gargoyle Fighter began the quest for the Orb.
     0 | D:1      | Reached XP level 1. HP: 14/14 MP: 1/1
   201 | D:1      | Reached XP level 2. HP: 18/19 MP: 2/2
   792 | D:2      | Noticed a sky beast
   812 | D:2      | Killed a sky beast
   812 | D:2      | Reached XP level 3. HP: 18/24 MP: 3/3
   812 | D:2      | Reached XP level 4. HP: 22/29 MP: 4/4
   884 | D:2      | Reached XP level 5. HP: 24/33 MP: 5/5
  1777 | D:2      | Found a sparkling altar of Nemelex Xobeh.
  1782 | D:2      | Became a worshipper of Nemelex Xobeh the Trickster
  2013 | D:3      | Received a gift from Nemelex Xobeh
  2358 | D:3      | Reached XP level 6. HP: 38/38 MP: 6/6
  2386 | D:3      | Found a blossoming altar of Fedhas.
  2833 | D:4      | Reached * piety under Nemelex Xobeh
  3092 | D:4      | Received a gift from Nemelex Xobeh
  3161 | D:4      | Mangled by an ogre

Skill      XL: |  1  2  3  4  5 |
---------------+----------------+-----
Fighting       | 4 |  4.6
Maces & Flails | 3 4 |  4.5
Shields        | 4 |  4.7
Armour         | 4 |  4.6

Action                   |  1- 3 |  4- 6 || total
-------------------------+-------+-------++-------
Melee: Flail             |    78 |   320 ||   398
  Eat: Chunk             |       |     8 ||     8
Armor: Scale mail        |    35 |   164 ||   199
Dodge: Dodged            |    21 |    99 ||   120
Block: Shield            |    38 |   164 ||   202
